 Dungeon Crawl Stone Soup version 0.18-a0-1041-gbe91bf5 (webtiles) character file.

120 urechis the Twirler (level 4, -3/37 HPs)
             Began as a Minotaur Gladiator on Jan 10, 2016.
             Slain by braks's ghost (8 damage)
             ... on level 3 of the Dungeon.
             The game lasted 00:02:59 (2304 turns).

urechis the Twirler (Minotaur Gladiator)            Turns: 2304, Time: 00:02:59

Health: -3/37      AC:  4    Str: 19    XL:     4   Next: 75%
Magic:  3/3        EV:  7    Int:  5    God:
Gold:   67         SH:  0    Dex: 12    Spells: 0 memorised, 3 levels left

rFire  . . .     SeeInvis .     a - +0 quarterstaff
rCold  . . .     Gourm    .     b - +0 leather armour
rNeg   . . .     Faith    .     (shield currently unavailable)
rPois  .         Spirit   .     c - +0 hat
rElec  .         Dismiss  .     (no cloak)
rCorr  .         Reflect  .     q - +0 pair of gloves
SustAt .         Harm     .     (no boots)
MR     .....                    (no amulet)
Stlth  +.........               (no ring)
                                (no ring)

@: not resistant to hostile enchantments, very unstealthy
A: retaliatory headbutt, horns 2
a: no special abilities


You were on level 3 of the Dungeon.
You were not hungry.

You visited 1 branch of the dungeon, and saw 3 of its levels.

You collected 67 gold pieces.

Inventory:

Hand Weapons
 a - a +0 quarterstaff (weapon)
Missiles
 d - a throwing net (quivered)
Armour
 b - a +0 leather armour (worn)
 c - a +0 hat (worn)
 q - a +0 pair of gloves (worn)
Scrolls
 h - 2 scrolls of fear {unknown}
 i - a scroll of blinking {unknown}
 j - 7 scrolls of identify {unknown}
 k - a scroll of recharging {unknown}
 l - 3 scrolls of enchant weapon {unknown}
 o - a scroll of random uselessness {unknown}
 p - a scroll of fog {unknown}
Potions
 e - 2 potions of mutation {unknown}
 g - a potion of agility {unknown}
 r - a potion of brilliance {unknown}
Comestibles
 f - 2 bread rations
 m - a meat ration
 n - a beef jerky


   Skills:
 - Level 2.4 Fighting
 + Level 6.7 Staves
 - Level 2.0 Throwing
 - Level 3.2 Dodging


You had 3 spell levels left.
You didn't know any spells.

Dungeon Overview and Level Annotations

Branches:
Dungeon (3/15)

Altars:
Trog

Annotations:
D:3 braks's ghost, amateur DrMo


Innate Abilities, Weirdness & Mutations

You reflexively headbutt those who attack you in melee.
You have a pair of horns on your head.


Message History

You headbutt braks's ghost, but do no damage.
You hit braks's ghost but do no damage.
Braks's ghost is heavily damaged.
Braks's ghost hits you.
You hit braks's ghost but do no damage.
Braks's ghost is heavily damaged.
Braks's ghost wails, "You will join me soon!"
Braks's ghost hits you.
You barely miss braks's ghost. You headbutt braks's ghost.
Braks's ghost is heavily damaged.
Braks's ghost hits you!
Throwing (i - inventory):
d - 2 throwing nets (quivered)
Press: ? - help, Shift-Dir - straight line, f/p - braks's ghost
Aim: braks's ghost (heavily damaged, immune to nets)
You throw a throwing net.
The throwing net barely misses braks's ghost.
Braks's ghost hits you!
* * * LOW HITPOINT WARNING * * *
Braks's ghost hits you!
You die...

..........)..##.######
.######.####.##.# #
#.# #.##.######
#.####.##)......
#.W.......######
######.##.# #
########.##.## #
#........##..### #
#@W.....(##....# #
#........####''###
#.......##≈≈≈..≈≈≈
#......##≈≈......≈
#.....##≈≈........
#....##≈≈.........
######≈≈..........
≈)..........
............


You could see braks's ghost.

Vanquished Creatures
  3 adders (D:2)
  A gnoll (D:1)
  3 oozes
  A worm (D:2)
  A giant gecko (D:2)
  4 orcs
  A ball python (D:1)
  2 giant cockroaches
  9 goblins
  7 hobgoblins
  3 jackals (D:1)
  A quokka (D:2)
  9 bats
  3 giant newts
  11 kobolds
  2 rats (D:1)
61 creatures vanquished.

Notes
Turn   | Place    | Note
--------------------------------------------------------------
     0 | D:1      | urechis the Minotaur Gladiator began the quest for the Orb.
     0 | D:1      | Reached XP level 1. HP: 18/18 MP: 0/0
    92 | D:1      | Reached skill level 4 in Staves
   223 | D:1      | Reached XP level 2. HP: 22/25 MP: 1/1
   461 | D:1      | Reached skill level 5 in Staves
   569 | D:1      | Reached XP level 3. HP: 22/30 MP: 2/2
   981 | D:1      | You fall through a shaft!
   998 | D:2      | Found a bloodstained altar of Trog.
  1025 | D:2      | Reached XP level 4. HP: 33/37 MP: 3/3
  1201 | D:2      | Reached skill level 6 in Staves
  2245 | D:3      | Noticed braks's ghost (amateur DrMo)
  2304 | D:3      | Slain by braks's ghost

Vault maps used:
D:1:      evilmike_arrival_crescent, nrook_mini_vaults
D:2:      trog_three_pillars_becter
D:3:      kennysheep_cross_room

Action                   |  1- 3 |  4- 6 || total
-------------------------+-------+-------++-------
Melee: Quarterstaff      |    68 |    67 ||   135
Throw: Throwing net      |       |     2 ||     2
 Stab: Sleeping          |       |     1 ||     1
  Eat: Chunk             |       |     4 ||     4
